Map: Neon Violet Square LE

Players

SamuraiFunn - Winner!

  • Race: Protoss Protoss
  • Spawn Location: 11:00

A.I. 1 (Elite)

  • Race: Protoss Protoss
  • Spawn Location: 5:00

VOD

Have the link to the VOD?

Description

Time

  • Played on: Nov. 24, 2017, 3:42 p.m.
  • Length: 6:24
Show
View Real Time Build Order
Export as new Build Order

SamuraiFunn Protoss - Winner!

Build Orders:  

Get SALT Encoding   

  12  0:01  Probe  
  13  0:26  Probe  
  14  0:38  Probe  
  15  0:49  Pylon  
  15  0:58  Assimilator  
  15  1:07  Probe  
  16  1:11  Gateway  
  16  1:16  Gateway  
  16  1:20  Probe  
  17  1:32  Probe  
  18  1:33  Pylon  
  18  1:44  Probe  
  19  1:57  Probe  
  19  2:00  Cybernetics Core  
  20  2:01  Zealot  
  20  2:04  Zealot  
  24  2:09  Probe  
  24  2:11  Gateway  
  25  2:21  Probe  
  26  2:29  Assimilator  
  26  2:33  Probe  
  26  2:35  Zealot x2  
  29  2:52  Zealot  
  29  3:00  Warp Gate (Chrono Boost)  
  31  3:11  Stalker  
  31  3:17  Pylon  
  31  3:19  Pylon  
  31  3:34  Zealot  
  31  3:35  Zealot  
  31  3:38  Gateway  
  31  3:47  Probe  
  32  3:49  Zealot  
  34  4:02  Zealot x2  
  36  4:16  Zealot  
  38  4:31  Zealot  
  32  4:45  Gateway  
  32  4:50  Zealot  
  28  5:06  Stalker  
  28  5:19  Zealot x2  
  30  5:30  Zealot  
  32  5:39  Zealot x3  
  36  5:56  Twilight Council  
  34  5:57  Zealot x2  
  38  6:09  Zealot x3  
Show
View Real Time Build Order
Export as new Build Order

A.I. 1 (Elite) Protoss 

Build Orders:  

Get SALT Encoding   

  12  0:00  Probe  
  13  0:13  Probe  
  14  0:21  Pylon  
  14  0:25  Probe  
  15  0:39  Probe  
  16  0:48  Assimilator  
  16  0:51  Gateway  
  16  0:52  Probe  
  17  1:01  Pylon  
  17  1:04  Probe  
  18  1:16  Probe  
  19  1:28  Probe  
  20  1:37  Assimilator  
  20  1:38  Zealot  
  22  1:40  Probe  
  22  1:41  Cybernetics Core  
  23  1:52  Probe  
  24  2:04  Probe  
  24  2:05  Zealot  
  27  2:16  Probe  
  27  2:18  Warp Gate  
  27  2:19  Twilight Council  
  28  2:26  Pylon  
  28  2:28  Probe  
  29  2:32  Stalker  
  31  2:46  Gateway  
  31  3:02  Adept  
  33  3:07  Gateway  
  29  3:21  Pylon  
  27  3:29  Adept  
  27  3:32  Probe  
  27  3:33  Zealot  
  27  3:44  Probe  
  28  3:54  Zealot  
  30  3:56  Stalker  
  30  3:57  Probe  
  33  4:07  Adept  
  33  4:09  Probe  
  34  4:21  Probe  
  33  4:29  Stalker  
  27  4:34  Zealot  
  27  4:37  Probe  
  25  4:49  Probe  
  26  5:01  Probe  
  27  5:13  Probe  
  28  5:25  Probe  
  29  5:37  Probe  
  30  5:45  Templar Archives  
  30  5:49  Probe  
  25  6:01  Probe  
Tags
 
Add a new tag
Caveats
  • Supply blocks, unpowered buildings, or Contaminate may cause inaccurate times.
  • Supply counts are checked every 10 seconds.